Chicoutimi Sagueneens vs Rochester Americans

Created - 9 mars 2018 at 17:23

Goals
1 2 3 T
Chicoutimi Sagueneens 0 3 2 5
Rochester Americans 1 5 1 7
Shots
1 2 3 T
Chicoutimi Sagueneens 6 24 10 40
Rochester Americans 11 18 6 35

1st period

1. Rochester Americans , Luke Kunin 18 (Brett Lernout 27) at 14:13

Penalties :
Peter Holland (AMR) for Holding Stick (Minor) at 16:46

2nd period

2. Rochester Americans , Michael Chaput 22 (Seth Griffith 49) at 1:39
3. Chicoutimi Sagueneens , Rocco Grimaldi 40 (Jacob De La Rose 55) at 3:12
4. Rochester Americans , Brock McGinn 24 (Peter Holland 57, Brett Lernout 28) at 7:00 (PP)
5. Rochester Americans , Adam Tambellini 7 (Luke Kunin 13) at 7:48
6. Rochester Americans , Peter Holland 58 (Brock McGinn 48) at 9:17 (PP)
7. Chicoutimi Sagueneens , Jacob De La Rose 42 (Laurent Dauphin 49, Rocco Grimaldi 46) at 9:27
8. Rochester Americans , Seth Griffith 28 (Tyler Bertuzzi 29, Michael Chaput 33) at 14:23
9. Chicoutimi Sagueneens , Mike Brown 6 (Jamie Oleksiak 40, Jean Dupuy 16) at 17:15

Penalties :
Scott Wilson (SAG) for Hooking (Minor) at 6:50, Zach Sill (SAG) for Interference (Minor) at 9:14, Patrik Nemeth (SAG) for Roughing (Minor) at 17:38

3rd period

10. Chicoutimi Sagueneens , Jacob De La Rose 43 (Laurent Dauphin 50) at 1:00
11. Chicoutimi Sagueneens , Laurent Dauphin 33 (Patrik Nemeth 11, Jacob De La Rose 56) at 3:17
12. Rochester Americans , Anton Blidh 15 (Peter Holland 58) at 19:58 (Empty Net)

Penalties :
No Penalty

Goalie Stats

Ville Husso (SAG), 18 saves from 23 shots - (0,783), 29:17 minutes
Anthony Stolarz (SAG), 10 saves from 11 shots - (0,909), L, 6-6-2, 29:56 minutes
David Rittich (AMR), 35 saves from 40 shots - (0,875), W, 36-17-7, 60:00 minutes

Players Stats for Chicoutimi Sagueneens

Player Name              G  A  P  +/- PIM S  H  SB GA TA FO     MP     PP MP  PK MP  
------------------------------------------------------------------------------------
Alex Lintuniemi          0  0  0   0  0   1  1  0  0  1  0/0    12:34   0:00   0:01 
Chris Summers            0  0  0   0  0   0  2  0  0  1  0/0    19:04   1:02   0:37 
Gabriel Bourque          0  0  0  -1  0   0  1  0  0  1  0/0    16:24   0:26   0:00 
Iiro Pakarinen           0  0  0  -1  0   5  4  0  1  1  0/0    17:00   0:26   0:29 
Jacob De La Rose         2  2  4   2  0   10 1  2  0  1  1/2    23:01   1:33   1:13 
Jakub Kindl              0  0  0   0  0   1  1  0  2  2  0/0    19:41   1:02   0:52 
Jamie Oleksiak           0  1  1   0  0   3  1  1  0  0  0/0    28:22   0:57   1:34 
Jean Dupuy               0  1  1  -1  0   0  0  0  0  0  0/0     6:57   0:00   0:00 
Laurent Dauphin          1  2  3   2  0   7  2  0  0  0  19/39  23:10   1:33   1:09 
Matt White               0  0  0   0  0   1  1  1  0  0  3/5    12:09   0:00   0:00 
Maxime Fortunus          0  0  0   0  0   3  0  0  0  0  0/0    13:18   0:00   1:07 
Miikka Salomaki          0  0  0   0  0   0  0  0  0  1  0/1    11:26   0:00   0:00 
Mike Brown               1  0  1  -1  0   3  0  0  0  0  0/0     6:41   0:00   0:00 
Patrik Nemeth            0  1  1   0  2   2  3  2  0  0  0/0    27:22   0:57   0:13 
Rocco Grimaldi           1  1  2   3  0   3  1  1  2  1  3/3    21:33   1:33   0:29 
Scott Wilson             0  0  0  -1  2   0  1  0  0  0  1/11   16:21   0:26   0:00 
Stanislav Galiev         0  0  0  -1  0   1  0  0  0  0  0/1    13:34   0:00   0:19 
Zach Sill                0  0  0  -1  2   0  1  0  0  0  1/3     9:08   0:00   0:45 

Players Stats for Rochester Americans

Player Name              G  A  P  +/- PIM S  H  SB GA TA FO     MP     PP MP  PK MP  
------------------------------------------------------------------------------------
Adam Tambellini          1  0  1   0  0   1  0  0  0  0  0/1     7:37   0:00   1:05 
Alex Broadhurst          0  0  0   0  0   0  1  0  0  0  1/1     4:09   0:07   0:18 
Andreas Martinsen        0  0  0  -1  0   2  4  0  1  0  2/2    22:01   1:12   0:49 
Anton Blidh              1  0  1   2  0   7  0  0  1  0  0/0    14:21   0:00   0:00 
Austin Carroll           0  0  0   1  0   1  1  2  0  1  1/1    13:07   0:00   0:00 
Brett Lernout            0  2  2   1  0   0  2  2  0  1  0/0    29:16   1:15   1:17 
Brock McGinn             1  1  2  -2  0   5  0  1  0  0  2/4    24:23   1:15   1:03 
Dominik Masin            0  0  0   0  0   0  0  1  0  0  0/0    12:42   0:00   0:00 
Keaton Thompson          0  0  0  -1  0   0  0  0  0  0  0/0    11:40   0:00   0:00 
Luke Kunin               1  1  2   1  0   3  1  0  1  0  3/9    13:22   0:02   0:00 
Markus Nutivaara         0  0  0   0  0   1  0  2  0  1  0/0    18:56   0:57   0:42 
Michael Chaput           1  1  2   0  0   1  0  1  0  0  9/13   16:59   0:55   0:00 
Peter Holland            1  2  3  -1  2   3  0  0  3  1  18/33  21:34   1:15   0:00 
Philip Samuelsson        0  0  0  -1  0   0  0  3  0  0  0/0    18:03   0:57   0:42 
Seth Griffith            1  1  2   0  0   6  1  0  3  0  0/0    17:02   0:55   0:00 
Steven Kampfer           0  0  0   1  0   0  3  1  0  1  0/0    29:06   1:15   1:17 
Tim Bozon                0  0  0   0  0   0  0  0  0  0  0/0     5:34   0:00   0:00 
Tyler Bertuzzi           0  1  1   0  0   5  1  0  0  0  1/1    18:08   0:55   0:43 

3 Stars

1 - Jacob De La Rose (SAG)
2 - Laurent Dauphin (SAG)
3 - Rocco Grimaldi (SAG)

Power Play

Chicoutimi Sagueneens - 0 on 1 Attempt(s) - 0,00%
Rochester Americans - 2 on 3 Attempt(s) - 66,67%

Penalty Kill

Chicoutimi Sagueneens - 1 on 3 Attempt(s) - 33,33% - Score 0 goal in Penalty Kill
Rochester Americans - 1 on 1 Attempt(s) - 100,00% - Score 0 goal in Penalty Kill

Team Stat

Chicoutimi Sagueneens - Hits : 20 - Faceoff Wins : 28 - Blocked Shots : 7 - Penalty Minutes : 6
Rochester Americans - Hits : 14 - Faceoff Wins : 37 - Blocked Shots : 13 - Penalty Minutes : 2

Official

Referees : Kelly Sutherland and Mark Lemelin
Linesman : Steve Miller and Tony Sericolo

Game Notes

Anthony Stolarz enters game at 9:17 of 2nd period
Anton Blidh has scored in a empty net!

Finance

Level 1 -- Attendance: 1474 (73,70%) -- Ticket Income 51 590 $
Level 2 -- Attendance: 762 (76,20%) -- Ticket Income 11 430 $
Total Attendance: 2236 (74,53%)
Total Ticket Income: 63 020 $
Other Income: 30 880 $
Total Income: 93 900 $

Chicoutimi Sagueneens

5 vs 5 Forward 
   Center                   Left Wing                Right Wing               Time % Phy DF OF 
 1 Laurent Dauphin          Jacob De La Rose         Rocco Grimaldi           40     1   2  2  
 2 Scott Wilson             Iiro Pakarinen           Gabriel Bourque          30     1   2  2  
 3 Matt White               Stanislav Galiev         Miikka Salomaki          20     1   2  2  
 4 Zach Sill                Jean Dupuy               Mike Brown               10     1   2  2  

5 vs 5 Defense 
   Defense                  Defense                                           Time % Phy DF OF 
 1 Jamie Oleksiak           Patrik Nemeth                                     40     1   2  2  
 2 Jakub Kindl              Chris Summers                                     30     1   2  2  
 3 Alex Lintuniemi          Maxime Fortunus                                   20     1   2  2  
 4 Jamie Oleksiak           Patrik Nemeth                                     10     1   2  2  

PowerPlay Forward 
   Center                   Left Wing                Right Wing               Time % Phy DF OF 
 1 Laurent Dauphin          Jacob De La Rose         Rocco Grimaldi           60     1   2  2  
 2 Scott Wilson             Iiro Pakarinen           Gabriel Bourque          40     1   2  2  

PowerPlay Defense
   Defense                  Defense                                           Time % Phy DF OF 
 1 Jamie Oleksiak           Patrik Nemeth                                     60     1   2  2  
 2 Jakub Kindl              Chris Summers                                     40     1   2  2  

Penalty Kill 4 Players Forward 
   Center                   Wing                     Time % Phy DF OF 
 1 Laurent Dauphin          Jacob De La Rose         60     1   2  2  
 2 Rocco Grimaldi           Iiro Pakarinen           40     1   2  2  

Penalty Kill 4 Players Defense
   Defense                  Defense                  Time % Phy DF OF 
 1 Jamie Oleksiak           Patrik Nemeth            60     1   2  2  
 2 Jakub Kindl              Chris Summers            40     1   2  2  

Penalty Kill - 3 Players Forward 
   Forward                                           Time % Phy DF OF 
 1 Laurent Dauphin                                   60     1   2  2  
 2 Jacob De La Rose                                  40     1   2  2  

Penalty Kill - 3 Players Defense
   Defense                  Defense                  Time % Phy DF OF 
 1 Jamie Oleksiak           Patrik Nemeth            60     1   2  2  
 2 Jakub Kindl              Chris Summers            40     1   2  2  

4 vs 4 Forward 
   Center                   Wing                     Time % Phy DF OF 
 1 Laurent Dauphin          Jacob De La Rose         60     1   2  2  
 2 Rocco Grimaldi           Iiro Pakarinen           40     1   2  2  

4 vs 4 Defense
   Defense                  Defense                  Time % Phy DF OF 
 1 Jamie Oleksiak           Patrik Nemeth            60     1   2  2  
 2 Jakub Kindl              Chris Summers            40     1   2  2  

Last Minutes Offensive
   Center                   Left Wing                Right Wing               Defense                  Defense                  
   Laurent Dauphin          Jacob De La Rose         Rocco Grimaldi           Jamie Oleksiak           Patrik Nemeth            

Last Minutes Defensive
   Center                   Left Wing                Right Wing               Defense                  Defense                  
   Laurent Dauphin          Jacob De La Rose         Rocco Grimaldi           Jamie Oleksiak           Patrik Nemeth            

Goaltenders
Starting : Ville Husso              
Backup : Anthony Stolarz          

Extra Forwards
Normal : Stanislav Galiev, Matt White, Zach Sill - PP : Stanislav Galiev, Matt White - PK : Zach Sill
Extra Defensemen
Normal : Alex Lintuniemi, Maxime Fortunus, Jakub Kindl - PP : Alex Lintuniemi - PK : Maxime Fortunus, Jakub Kindl
Penalty Shots
Laurent Dauphin, Jacob De La Rose, Rocco Grimaldi, Iiro Pakarinen, Scott Wilson

Scratches
Justin Kea (Healthy), Ludwig Bystrom (Healthy), Clark Bishop (Healthy), Chris McCarthy (Healthy), Braden Christoffer (Healthy)

Rochester Americans

5 vs 5 Forward 
   Center                   Left Wing                Right Wing               Time % Phy DF OF 
 1 Peter Holland            Brock McGinn             Andreas Martinsen        40     1   2  2  
 2 Michael Chaput           Tyler Bertuzzi           Seth Griffith            30     1   2  2  
 3 Luke Kunin               Anton Blidh              Austin Carroll           20     1   2  2  
 4 Adam Tambellini          Tim Bozon                Brock McGinn             10     1   2  2  

5 vs 5 Defense 
   Defense                  Defense                                           Time % Phy DF OF 
 1 Steven Kampfer           Brett Lernout                                     40     1   2  2  
 2 Markus Nutivaara         Philip Samuelsson                                 30     1   2  2  
 3 Dominik Masin            Keaton Thompson                                   20     1   2  2  
 4 Steven Kampfer           Brett Lernout                                     10     1   2  2  

PowerPlay Forward 
   Center                   Left Wing                Right Wing               Time % Phy DF OF 
 1 Peter Holland            Brock McGinn             Andreas Martinsen        60     1   2  2  
 2 Michael Chaput           Tyler Bertuzzi           Seth Griffith            40     1   2  2  

PowerPlay Defense
   Defense                  Defense                                           Time % Phy DF OF 
 1 Steven Kampfer           Brett Lernout                                     60     1   2  2  
 2 Markus Nutivaara         Philip Samuelsson                                 40     1   2  2  

Penalty Kill 4 Players Forward 
   Center                   Wing                     Time % Phy DF OF 
 1 Brock McGinn             Peter Holland            60     1   2  2  
 2 Michael Chaput           Andreas Martinsen        40     1   2  2  

Penalty Kill 4 Players Defense
   Defense                  Defense                  Time % Phy DF OF 
 1 Steven Kampfer           Brett Lernout            60     1   2  2  
 2 Markus Nutivaara         Philip Samuelsson        40     1   2  2  

Penalty Kill - 3 Players Forward 
   Forward                                           Time % Phy DF OF 
 1 Brock McGinn                                      60     1   2  2  
 2 Peter Holland                                     40     1   2  2  

Penalty Kill - 3 Players Defense
   Defense                  Defense                  Time % Phy DF OF 
 1 Steven Kampfer           Brett Lernout            60     1   2  2  
 2 Markus Nutivaara         Philip Samuelsson        40     1   2  2  

4 vs 4 Forward 
   Center                   Wing                     Time % Phy DF OF 
 1 Brock McGinn             Peter Holland            60     1   2  2  
 2 Michael Chaput           Andreas Martinsen        40     1   2  2  

4 vs 4 Defense
   Defense                  Defense                  Time % Phy DF OF 
 1 Steven Kampfer           Brett Lernout            60     1   2  2  
 2 Markus Nutivaara         Philip Samuelsson        40     1   2  2  

Last Minutes Offensive
   Center                   Left Wing                Right Wing               Defense                  Defense                  
   Peter Holland            Brock McGinn             Andreas Martinsen        Steven Kampfer           Brett Lernout            

Last Minutes Defensive
   Center                   Left Wing                Right Wing               Defense                  Defense                  
   Peter Holland            Brock McGinn             Andreas Martinsen        Steven Kampfer           Brett Lernout            

Goaltenders
Starting : David Rittich            
Backup : Andrew Hammond           

Extra Forwards
Normal : Alex Broadhurst, Luke Kunin, Adam Tambellini - PP : Alex Broadhurst, Luke Kunin - PK : Adam Tambellini
Extra Defensemen
Normal : Dominik Masin, Keaton Thompson, Markus Nutivaara - PP : Dominik Masin - PK : Keaton Thompson, Markus Nutivaara
Penalty Shots
Brock McGinn, Peter Holland, Michael Chaput, Andreas Martinsen, Tyler Bertuzzi

Scratches
Sam Jardine (Healthy), Jarred Tinordi (Healthy), Joe Morrow (Healthy), Linus Arnesson (Healthy), Mason Geertsen (Healthy)

% Time on Ice - Chicoutimi Sagueneens

Lines # - Real PCT - Wanted PCT - Time Play
Normal Forward
1 - 34% - 40% - 18:47
2 - 33% - 30% - 18:10
3 - 20% - 20% - 11:02
4 - 12% - 10% - 6:41
Normal Defense
1 - 35% - 40% - 19:22
2 - 31% - 30% - 17:05
3 - 22% - 20% - 12:11
4 - 11% - 10% - 6:02
PP Forward
1 - 78% - 60% - 1:33
2 - 22% - 40% - 0:26
PP Defense
1 - 48% - 60% - 0:57
2 - 52% - 40% - 1:02
PK Forward
1 - 78% - 60% - 1:43
2 - 22% - 40% - 0:29
PK Defense
1 - 72% - 60% - 1:35
2 - 28% - 40% - 0:37
PK3 Forward
1 - 0% - 60%
2 - 0% - 40%
PK3 Defense
1 - 0% - 60%
2 - 0% - 40%
44 Forward
1 - 0% - 60%
2 - 0% - 40%
44 Defense
1 - 0% - 60%
2 - 0% - 40%
Last Minute Offensive  - 1:09
Last Minute Defensive  - 0:00
Total
Forward - 60:00
Defense - 60:00

% Time on Ice - Rochester Americans

Lines # - Real PCT - Wanted PCT - Time Play
Normal Forward
1 - 33% - 40% - 18:09
2 - 34% - 30% - 18:40
3 - 22% - 20% - 12:16
4 - 10% - 10% - 5:34
Normal Defense
1 - 41% - 40% - 22:14
2 - 30% - 30% - 16:13
3 - 22% - 20% - 11:51
4 - 8% - 10% - 4:21
PP Forward
1 - 58% - 60% - 1:17
2 - 42% - 40% - 0:55
PP Defense
1 - 57% - 60% - 1:15
2 - 43% - 40% - 0:57
PK Forward
1 - 100% - 60% - 1:59
2 - 0% - 40% - 0:00
PK Defense
1 - 65% - 60% - 1:17
2 - 35% - 40% - 0:42
PK3 Forward
1 - 0% - 60%
2 - 0% - 40%
PK3 Defense
1 - 0% - 60%
2 - 0% - 40%
44 Forward
1 - 0% - 60%
2 - 0% - 40%
44 Defense
1 - 0% - 60%
2 - 0% - 40%
Last Minute Offensive  - 0:00
Last Minute Defensive  - 1:10
Total
Forward - 60:00
Defense - 60:00

Play by Play

1st period


0:01 of 1st period - Peter Holland wins face-off versus Laurent Dauphin in neutral zone.
0:56 of 1st period - Jamie Oleksiak is hit by Luke Kunin and loses puck.
1:51 of 1st period - Snap shot by Tyler Bertuzzi.
1:51 of 1st period - Shot Misses the Net.
1:53 of 1st period - Snap shot by Tyler Bertuzzi.
1:53 of 1st period - Stopped by Ville Husso without a rebound.
1:54 of 1st period - Scott Wilson wins face-off versus Michael Chaput in Chicoutimi Sagueneens zone.
3:02 of 1st period - Snap shot by Scott Wilson.
3:02 of 1st period - Shot Misses the Net.
3:04 of 1st period - Slapshot by Scott Wilson.
3:04 of 1st period - Shot Blocked by Markus Nutivaara.
3:20 of 1st period - Wrist shot by Iiro Pakarinen.
3:20 of 1st period - Shot Blocked by Philip Samuelsson.
3:22 of 1st period - Wrist shot by Gabriel Bourque.
3:22 of 1st period - Shot Blocked by Philip Samuelsson.
3:24 of 1st period - Slapshot by Iiro Pakarinen.
3:24 of 1st period - Stopped by David Rittich with a rebound.
3:48 of 1st period - Wrist shot by Iiro Pakarinen.
3:48 of 1st period - Stopped by David Rittich without a rebound.
3:49 of 1st period - Laurent Dauphin wins face-off versus Peter Holland in Rochester Americans zone.
4:02 of 1st period - Wrist shot by Brock McGinn.
4:02 of 1st period - Stopped by Ville Husso with a rebound.
4:04 of 1st period - Wrist shot by Brock McGinn.
4:04 of 1st period - Shot Misses the Net.
5:04 of 1st period - Wrist shot by Rocco Grimaldi.
5:04 of 1st period - Shot Misses the Net.
5:09 of 1st period - Icing by Austin Carroll.
5:10 of 1st period - Jacob De La Rose wins face-off versus Luke Kunin in Rochester Americans zone.
6:38 of 1st period - Snap shot by Mike Brown.
6:38 of 1st period - Stopped by David Rittich with a rebound.
6:44 of 1st period - Tim Bozon is hit by Zach Sill and loses puck.
7:59 of 1st period - Snap shot by Seth Griffith.
7:59 of 1st period - Stopped by Ville Husso with a rebound.
9:02 of 1st period - Andreas Martinsen is hit by Patrik Nemeth.
10:21 of 1st period - Snap shot by Seth Griffith.
10:21 of 1st period - Stopped by Ville Husso with a rebound.
10:43 of 1st period - Slapshot by Tyler Bertuzzi.
10:43 of 1st period - Stopped by Ville Husso with a rebound.
10:51 of 1st period - Snap shot by Iiro Pakarinen.
10:51 of 1st period - Stopped by David Rittich without a rebound.
10:52 of 1st period - Peter Holland wins face-off versus Laurent Dauphin in Rochester Americans zone.
12:39 of 1st period - Snap shot by Luke Kunin.
12:39 of 1st period - Deflect By Anton Blidh.
12:39 of 1st period - Shot Blocked by Jacob De La Rose.
12:39 of 1st period - Puck is out of play.
12:40 of 1st period - Laurent Dauphin wins face-off versus Luke Kunin in Chicoutimi Sagueneens zone.
13:34 of 1st period - Wrist shot by Mike Brown.
13:34 of 1st period - Stopped by David Rittich without a rebound.
13:35 of 1st period - Zach Sill wins face-off versus Luke Kunin in Rochester Americans zone.
13:47 of 1st period - Icing by Steven Kampfer.
13:48 of 1st period - Laurent Dauphin wins face-off versus Luke Kunin in Rochester Americans zone.
14:07 of 1st period - Brett Lernout is hit by Jamie Oleksiak.
14:11 of 1st period - Wrist shot by Luke Kunin.
14:11 of 1st period - Stopped by Ville Husso with a rebound.
14:13 of 1st period - Snap shot by Luke Kunin.
14:13 of 1st period - Goal by Luke Kunin - Chicoutimi Sagueneens : 0 - Rochester Americans : 1.
14:14 of 1st period - Peter Holland wins face-off versus Laurent Dauphin in neutral zone.
14:29 of 1st period - Slapshot by Brock McGinn.
14:29 of 1st period - Deflect By Jamie Oleksiak.
14:29 of 1st period - Shot Hit the Post.
14:29 of 1st period - Puck is out of play.
14:30 of 1st period - Peter Holland wins face-off versus Scott Wilson in Chicoutimi Sagueneens zone.
14:55 of 1st period - Rocco Grimaldi is hit by Brett Lernout and loses puck.
15:22 of 1st period - Wrist shot by Anton Blidh.
15:22 of 1st period - Stopped by Ville Husso without a rebound.
15:23 of 1st period - Peter Holland wins face-off versus Laurent Dauphin in Chicoutimi Sagueneens zone.
15:24 of 1st period - Snap shot by Brock McGinn.
15:24 of 1st period - Shot Blocked by Patrik Nemeth.
15:48 of 1st period - Slapshot by Seth Griffith.
15:48 of 1st period - Shot Misses the Net.
16:24 of 1st period - Wrist shot by Iiro Pakarinen.
16:24 of 1st period - Deflect By Gabriel Bourque.
16:24 of 1st period - Shot Blocked by Austin Carroll.
16:24 of 1st period - Puck is out of play.
16:25 of 1st period - Laurent Dauphin wins face-off versus Peter Holland in Rochester Americans zone.
16:28 of 1st period - Snap shot by Laurent Dauphin.
16:28 of 1st period - Shot Misses the Net.
16:30 of 1st period - Backhand shot by Jacob De La Rose.
16:30 of 1st period - Shot Misses the Net.
16:38 of 1st period - Snap shot by Laurent Dauphin.
16:38 of 1st period - Shot Hit the Post.
16:40 of 1st period - Snap shot by Jacob De La Rose.
16:40 of 1st period - Shot Blocked by Philip Samuelsson.
16:46 of 1st period - Minor Penalty to Peter Holland for Holding Stick.
16:47 of 1st period - Laurent Dauphin wins face-off versus Brock McGinn in Rochester Americans zone.
16:52 of 1st period - Wrist shot by Laurent Dauphin.
16:52 of 1st period - Stopped by David Rittich without a rebound.
16:53 of 1st period - Brock McGinn wins face-off versus Laurent Dauphin in Rochester Americans zone.
17:21 of 1st period - Andreas Martinsen is hit by Iiro Pakarinen and loses puck.
17:58 of 1st period - Philip Samuelsson is hit by Jakub Kindl and loses puck.
18:13 of 1st period - Steven Kampfer is hit by Laurent Dauphin and loses puck.
18:46 of 1st period - Penalty to Peter Holland is over, Peter Holland is back on ice.
19:17 of 1st period - Snap shot by Anton Blidh.
19:17 of 1st period - Stopped by Ville Husso with a rebound.
19:19 of 1st period - Slapshot by Markus Nutivaara.
19:19 of 1st period - Stopped by Ville Husso without a rebound.
19:20 of 1st period - Luke Kunin wins face-off versus Zach Sill in Chicoutimi Sagueneens zone.
19:33 of 1st period - Wrist shot by Anton Blidh.
19:33 of 1st period - Stopped by Ville Husso with a rebound.
19:52 of 1st period - Slapshot by Jamie Oleksiak.
19:52 of 1st period - Deflect By Stanislav Galiev.
19:52 of 1st period - Shot Misses the Net.
19:52 of 1st period - Puck is out of play.
19:53 of 1st period - Michael Chaput wins face-off versus Scott Wilson in Rochester Americans zone.
19:53 of 1st period - Michael Chaput is hit by Alex Lintuniemi.
Goals for this period are 0 for Chicoutimi Sagueneens vs 1 for Rochester Americans.
Shots for this period are 6 for Chicoutimi Sagueneens vs 11 for Rochester Americans.

2nd period


0:01 of 2nd period - Peter Holland wins face-off versus Laurent Dauphin in neutral zone.
0:30 of 2nd period - Snap shot by Stanislav Galiev.
0:30 of 2nd period - Shot Blocked by Brock McGinn.
0:50 of 2nd period - Snap shot by Peter Holland.
0:50 of 2nd period - Shot Blocked by Matt White.
1:10 of 2nd period - Snap shot by Brock McGinn.
1:10 of 2nd period - Stopped by Ville Husso without a rebound.
1:11 of 2nd period - Laurent Dauphin wins face-off versus Michael Chaput in Chicoutimi Sagueneens zone.
1:19 of 2nd period - Off-side.
1:20 of 2nd period - Michael Chaput wins face-off versus Laurent Dauphin in neutral zone.
1:33 of 2nd period - Wrist shot by Tyler Bertuzzi.
1:33 of 2nd period - Stopped by Ville Husso without a rebound.
1:34 of 2nd period - Michael Chaput wins face-off versus Jacob De La Rose in Chicoutimi Sagueneens zone.
1:35 of 2nd period - Wrist shot by Seth Griffith.
1:35 of 2nd period - Shot Misses the Net.
1:37 of 2nd period - Slapshot by Seth Griffith.
1:37 of 2nd period - Stopped by Ville Husso with a rebound.
1:39 of 2nd period - Snap shot by Michael Chaput.
1:39 of 2nd period - Goal by Michael Chaput - Chicoutimi Sagueneens : 0 - Rochester Americans : 2.
1:40 of 2nd period - Peter Holland wins face-off versus Laurent Dauphin in neutral zone.
1:43 of 2nd period - Snap shot by Brock McGinn.
1:43 of 2nd period - Stopped by Ville Husso with a rebound.
1:45 of 2nd period - Wrist shot by Brock McGinn.
1:45 of 2nd period - Stopped by Ville Husso without a rebound.
1:46 of 2nd period - Laurent Dauphin wins face-off versus Peter Holland in Chicoutimi Sagueneens zone.
1:46 of 2nd period - Laurent Dauphin is hit by Andreas Martinsen.
1:52 of 2nd period - Slapshot by Peter Holland.
1:52 of 2nd period - Shot Blocked by Rocco Grimaldi.
1:58 of 2nd period - Wrist shot by Andreas Martinsen.
1:58 of 2nd period - Shot Blocked by Patrik Nemeth.
2:00 of 2nd period - Slapshot by Brett Lernout.
2:00 of 2nd period - Shot Misses the Net.
2:02 of 2nd period - Snap shot by Andreas Martinsen.
2:02 of 2nd period - Stopped by Ville Husso with a rebound.
3:04 of 2nd period - Snap shot by Patrik Nemeth.
3:04 of 2nd period - Deflect By Tim Bozon.
3:04 of 2nd period - Stopped by David Rittich without a rebound.
3:05 of 2nd period - Michael Chaput wins face-off versus Laurent Dauphin in Rochester Americans zone.
3:12 of 2nd period - Snap shot by Rocco Grimaldi.
3:12 of 2nd period - Goal by Rocco Grimaldi - Chicoutimi Sagueneens : 1 - Rochester Americans : 2.
3:13 of 2nd period - Laurent Dauphin wins face-off versus Peter Holland in neutral zone.
3:25 of 2nd period - Wrist shot by Peter Holland.
3:25 of 2nd period - Stopped by Ville Husso without a rebound.
3:26 of 2nd period - Rocco Grimaldi wins face-off versus Peter Holland in Chicoutimi Sagueneens zone.
3:39 of 2nd period - Wrist shot by Jacob De La Rose.
3:39 of 2nd period - Shot Blocked by Brett Lernout.
3:41 of 2nd period - Wrist shot by Jacob De La Rose.
3:41 of 2nd period - Stopped by David Rittich with a rebound.
4:15 of 2nd period - Snap shot by Anton Blidh.
4:15 of 2nd period - Deflect By Matt White.
4:15 of 2nd period - Shot Misses the Net.
4:15 of 2nd period - Puck is out of play.
4:16 of 2nd period - Laurent Dauphin wins face-off versus Luke Kunin in Chicoutimi Sagueneens zone.
4:45 of 2nd period - Slapshot by Iiro Pakarinen.
4:45 of 2nd period - Stopped by David Rittich with a rebound.
4:47 of 2nd period - Wrist shot by Iiro Pakarinen.
4:47 of 2nd period - Shot Misses the Net.
4:49 of 2nd period - Slapshot by Patrik Nemeth.
4:49 of 2nd period - Stopped by David Rittich without a rebound.
4:50 of 2nd period - Andreas Martinsen wins face-off versus Laurent Dauphin in Rochester Americans zone.
5:06 of 2nd period - Backhand shot by Laurent Dauphin.
5:06 of 2nd period - Stopped by David Rittich with a rebound.
5:21 of 2nd period - Snap shot by Stanislav Galiev.
5:21 of 2nd period - Deflect By Matt White.
5:21 of 2nd period - Shot Misses the Net.
5:21 of 2nd period - Puck is out of play.
5:22 of 2nd period - Matt White wins face-off versus Michael Chaput in Rochester Americans zone.
5:23 of 2nd period - Wrist shot by Stanislav Galiev.
5:23 of 2nd period - Shot Blocked by Michael Chaput.
5:25 of 2nd period - Wrist shot by Miikka Salomaki.
5:25 of 2nd period - Shot Hit the Post.
5:36 of 2nd period - Snap shot by Stanislav Galiev.
5:36 of 2nd period - Shot Misses the Net.
5:40 of 2nd period - Snap shot by Miikka Salomaki.
5:40 of 2nd period - Deflect By Stanislav Galiev.
5:40 of 2nd period - Stopped by David Rittich with a rebound.
5:42 of 2nd period - Snap shot by Miikka Salomaki.
5:42 of 2nd period - Shot Misses the Net.
5:44 of 2nd period - Snap shot by Jamie Oleksiak.
5:44 of 2nd period - Stopped by David Rittich with a rebound.
6:14 of 2nd period - Snap shot by Matt White.
6:14 of 2nd period - Shot Misses the Net.
6:16 of 2nd period - Slapshot by Miikka Salomaki.
6:16 of 2nd period - Deflect By Tyler Bertuzzi.
6:16 of 2nd period - Shot Misses the Net.
6:16 of 2nd period - Puck is out of play.
6:17 of 2nd period - Peter Holland wins face-off versus Laurent Dauphin in Rochester Americans zone.
6:48 of 2nd period - Snap shot by Anton Blidh.
6:48 of 2nd period - Stopped by Ville Husso with a rebound.
6:50 of 2nd period - Minor Penalty to Scott Wilson for Hooking.
6:51 of 2nd period - Laurent Dauphin wins face-off versus Brock McGinn in Chicoutimi Sagueneens zone.
6:58 of 2nd period - Slapshot by Brock McGinn.
6:58 of 2nd period - Shot Misses the Net.
7:00 of 2nd period - Snap shot by Brock McGinn.
7:00 of 2nd period - Goal by Brock McGinn - Chicoutimi Sagueneens : 1 - Rochester Americans : 3.
7:01 of 2nd period - Peter Holland wins face-off versus Laurent Dauphin in neutral zone.
7:26 of 2nd period - Seth Griffith is hit by Gabriel Bourque.
7:48 of 2nd period - Wrist shot by Adam Tambellini.
7:48 of 2nd period - Goal by Adam Tambellini - Chicoutimi Sagueneens : 1 - Rochester Americans : 4.
7:49 of 2nd period - Laurent Dauphin wins face-off versus Peter Holland in neutral zone.
7:52 of 2nd period - Slapshot by Jamie Oleksiak.
7:52 of 2nd period - Shot Misses the Net.
7:54 of 2nd period - Slapshot by Patrik Nemeth.
7:54 of 2nd period - Shot Misses the Net.
7:56 of 2nd period - Slapshot by Patrik Nemeth.
7:56 of 2nd period - Shot Misses the Net.
7:58 of 2nd period - Slapshot by Jamie Oleksiak.
7:58 of 2nd period - Shot Misses the Net.
8:00 of 2nd period - Slapshot by Jamie Oleksiak.
8:00 of 2nd period - Stopped by David Rittich without a rebound.
8:01 of 2nd period - Peter Holland wins face-off versus Laurent Dauphin in Rochester Americans zone.
8:33 of 2nd period - Brett Lernout is hit by Scott Wilson.
8:37 of 2nd period - Iiro Pakarinen is hit by Steven Kampfer and loses puck.
9:14 of 2nd period - Minor Penalty to Zach Sill for Interference.
9:15 of 2nd period - Peter Holland wins face-off versus Laurent Dauphin in Chicoutimi Sagueneens zone.
9:15 of 2nd period - Slapshot by Brock McGinn.
9:15 of 2nd period - Shot Misses the Net.
9:17 of 2nd period - Slapshot by Peter Holland.
9:17 of 2nd period - Goal by Peter Holland - Chicoutimi Sagueneens : 1 - Rochester Americans : 5.
9:17 of 2nd period - Anthony Stolarz enters game.
9:18 of 2nd period - Laurent Dauphin wins face-off versus Peter Holland in neutral zone.
9:23 of 2nd period - Slapshot by Laurent Dauphin.
9:23 of 2nd period - Stopped by David Rittich with a rebound.
9:25 of 2nd period - Wrist shot by Laurent Dauphin.
9:25 of 2nd period - Shot Misses the Net.
9:27 of 2nd period - Snap shot by Jacob De La Rose.
9:27 of 2nd period - Goal by Jacob De La Rose - Chicoutimi Sagueneens : 2 - Rochester Americans : 5.
9:28 of 2nd period - Rocco Grimaldi wins face-off versus Peter Holland in neutral zone.
9:43 of 2nd period - Wrist shot by Laurent Dauphin.
9:43 of 2nd period - Deflect By Jacob De La Rose.
9:43 of 2nd period - Shot Misses the Net.
9:43 of 2nd period - Puck is out of play.
9:44 of 2nd period - Michael Chaput wins face-off versus Scott Wilson in Rochester Americans zone.
10:09 of 2nd period - Peter Holland is hit by Jacob De La Rose and loses puck.
10:14 of 2nd period - Snap shot by Jacob De La Rose.
10:14 of 2nd period - Stopped by David Rittich with a rebound.
10:16 of 2nd period - Snap shot by Laurent Dauphin.
10:16 of 2nd period - Shot Misses the Net.
10:18 of 2nd period - Slapshot by Jakub Kindl.
10:18 of 2nd period - Stopped by David Rittich with a rebound.
11:51 of 2nd period - Jamie Oleksiak is hit by Tyler Bertuzzi and loses puck.
12:07 of 2nd period - Wrist shot by Brock McGinn.
12:07 of 2nd period - Shot Blocked by Jamie Oleksiak.
12:27 of 2nd period - Icing by Philip Samuelsson.
12:28 of 2nd period - Tyler Bertuzzi wins face-off versus Laurent Dauphin in Rochester Americans zone.
12:28 of 2nd period - Tyler Bertuzzi is hit by Rocco Grimaldi.
12:41 of 2nd period - Wrist shot by Seth Griffith.
12:41 of 2nd period - Stopped by Anthony Stolarz without a rebound.
12:42 of 2nd period - Laurent Dauphin wins face-off versus Peter Holland in Chicoutimi Sagueneens zone.
13:21 of 2nd period - Wrist shot by Tyler Bertuzzi.
13:21 of 2nd period - Stopped by Anthony Stolarz without a rebound.
13:22 of 2nd period - Matt White wins face-off versus Luke Kunin in Chicoutimi Sagueneens zone.
13:31 of 2nd period - Wrist shot by Patrik Nemeth.
13:31 of 2nd period - Shot Blocked by Austin Carroll.
14:11 of 2nd period - Icing by Zach Sill.
14:12 of 2nd period - Michael Chaput wins face-off versus Zach Sill in Chicoutimi Sagueneens zone.
14:23 of 2nd period - Backhand shot by Tyler Bertuzzi.
14:23 of 2nd period - Deflect By Seth Griffith.
14:23 of 2nd period - Goal by Seth Griffith - Chicoutimi Sagueneens : 2 - Rochester Americans : 6.
14:24 of 2nd period - Laurent Dauphin wins face-off versus Peter Holland in neutral zone.
14:27 of 2nd period - Snap shot by Jacob De La Rose.
14:27 of 2nd period - Shot Misses the Net.
14:29 of 2nd period - Slapshot by Alex Lintuniemi.
14:29 of 2nd period - Stopped by David Rittich without a rebound.
14:30 of 2nd period - Laurent Dauphin wins face-off versus Peter Holland in Rochester Americans zone.
14:33 of 2nd period - Snap shot by Jacob De La Rose.
14:33 of 2nd period - Stopped by David Rittich with a rebound.
14:35 of 2nd period - Slapshot by Maxime Fortunus.
14:35 of 2nd period - Stopped by David Rittich without a rebound.
14:36 of 2nd period - Andreas Martinsen wins face-off versus Laurent Dauphin in Rochester Americans zone.
15:10 of 2nd period - Wrist shot by Laurent Dauphin.
15:10 of 2nd period - Stopped by David Rittich with a rebound.
15:24 of 2nd period - Snap shot by Rocco Grimaldi.
15:24 of 2nd period - Deflect By Laurent Dauphin.
15:24 of 2nd period - Stopped by David Rittich with a rebound.
15:26 of 2nd period - Snap shot by Laurent Dauphin.
15:26 of 2nd period - Shot Misses the Net.
15:35 of 2nd period - Snap shot by Jacob De La Rose.
15:35 of 2nd period - Shot Blocked by Brett Lernout.
15:37 of 2nd period - Snap shot by Maxime Fortunus.
15:37 of 2nd period - Stopped by David Rittich with a rebound.
15:39 of 2nd period - Wrist shot by Jacob De La Rose.
15:39 of 2nd period - Stopped by David Rittich with a rebound.
15:47 of 2nd period - Wrist shot by Jacob De La Rose.
15:47 of 2nd period - Shot Misses the Net.
16:03 of 2nd period - Snap shot by Jacob De La Rose.
16:03 of 2nd period - Shot Misses the Net.
16:05 of 2nd period - Slapshot by Jakub Kindl.
16:05 of 2nd period - Shot Misses the Net.
16:07 of 2nd period - Slapshot by Chris Summers.
16:07 of 2nd period - Deflect By Rocco Grimaldi.
16:07 of 2nd period - Stopped by David Rittich with a rebound.
16:09 of 2nd period - Wrist shot by Jacob De La Rose.
16:09 of 2nd period - Stopped by David Rittich without a rebound.
16:10 of 2nd period - Peter Holland wins face-off versus Scott Wilson in Rochester Americans zone.
16:20 of 2nd period - Off-side.
16:21 of 2nd period - Peter Holland wins face-off versus Scott Wilson in neutral zone.
16:46 of 2nd period - Seth Griffith is hit by Matt White and loses puck.
16:53 of 2nd period - Slapshot by Markus Nutivaara.
16:53 of 2nd period - Deflect By Seth Griffith.
16:53 of 2nd period - Stopped by Anthony Stolarz with a rebound.
17:11 of 2nd period - Slapshot by Jamie Oleksiak.
17:11 of 2nd period - Shot Blocked by Dominik Masin.
17:13 of 2nd period - Slapshot by Mike Brown.
17:13 of 2nd period - Shot Misses the Net.
17:15 of 2nd period - Snap shot by Mike Brown.
17:15 of 2nd period - Goal by Mike Brown - Chicoutimi Sagueneens : 3 - Rochester Americans : 6.
17:16 of 2nd period - Peter Holland wins face-off versus Scott Wilson in neutral zone.
17:19 of 2nd period - Wrist shot by Andreas Martinsen.
17:19 of 2nd period - Shot Misses the Net.
17:29 of 2nd period - Wrist shot by Scott Wilson.
17:29 of 2nd period - Deflect By Iiro Pakarinen.
17:29 of 2nd period - Stopped by David Rittich without a rebound.
17:30 of 2nd period - Laurent Dauphin wins face-off versus Peter Holland in Rochester Americans zone.
17:38 of 2nd period - Minor Penalty to Patrik Nemeth for Roughing.
17:39 of 2nd period - Laurent Dauphin wins face-off versus Peter Holland in Chicoutimi Sagueneens zone.
17:53 of 2nd period - Maxime Fortunus is hit by Steven Kampfer and loses puck.
18:08 of 2nd period - Snap shot by Tyler Bertuzzi.
18:08 of 2nd period - Stopped by Anthony Stolarz with a rebound.
19:00 of 2nd period - Slapshot by Jamie Oleksiak.
19:00 of 2nd period - Shot Blocked by Steven Kampfer.
19:38 of 2nd period - Penalty to Patrik Nemeth is over, Patrik Nemeth is back on ice.
19:44 of 2nd period - Zach Sill is hit by Austin Carroll and loses puck.
19:51 of 2nd period - Snap shot by Luke Kunin.
19:51 of 2nd period - Stopped by Anthony Stolarz with a rebound.
Goals for this period are 3 for Chicoutimi Sagueneens vs 5 for Rochester Americans.
Shots for this period are 24 for Chicoutimi Sagueneens vs 18 for Rochester Americans.

3rd period


0:01 of 3rd period - Brock McGinn wins face-off versus Laurent Dauphin in neutral zone.
0:27 of 3rd period - Off-side.
0:28 of 3rd period - Michael Chaput wins face-off versus Scott Wilson in neutral zone.
0:53 of 3rd period - Brock McGinn is hit by Laurent Dauphin and loses puck.
0:58 of 3rd period - Wrist shot by Jacob De La Rose.
0:58 of 3rd period - Stopped by David Rittich with a rebound.
1:00 of 3rd period - Snap shot by Jacob De La Rose.
1:00 of 3rd period - Goal by Jacob De La Rose - Chicoutimi Sagueneens : 4 - Rochester Americans : 6.
1:01 of 3rd period - Peter Holland wins face-off versus Laurent Dauphin in neutral zone.
1:08 of 3rd period - Slapshot by Peter Holland.
1:08 of 3rd period - Stopped by Anthony Stolarz with a rebound.
1:16 of 3rd period - Slapshot by Peter Holland.
1:16 of 3rd period - Shot Misses the Net.
1:45 of 3rd period - Tyler Bertuzzi is hit by Patrik Nemeth and loses puck.
1:56 of 3rd period - Snap shot by Scott Wilson.
1:56 of 3rd period - Deflect By Iiro Pakarinen.
1:56 of 3rd period - Shot Misses the Net.
1:56 of 3rd period - Puck is out of play.
1:57 of 3rd period - Peter Holland wins face-off versus Laurent Dauphin in Rochester Americans zone.
2:02 of 3rd period - Rocco Grimaldi is hit by Andreas Martinsen and loses puck.
2:52 of 3rd period - Austin Carroll is hit by Chris Summers and loses puck.
3:07 of 3rd period - Snap shot by Laurent Dauphin.
3:07 of 3rd period - Shot Misses the Net.
3:09 of 3rd period - Wrist shot by Rocco Grimaldi.
3:09 of 3rd period - Shot Misses the Net.
3:11 of 3rd period - Slapshot by Maxime Fortunus.
3:11 of 3rd period - Stopped by David Rittich without a rebound.
3:12 of 3rd period - Laurent Dauphin wins face-off versus Michael Chaput in Rochester Americans zone.
3:13 of 3rd period - Snap shot by Jacob De La Rose.
3:13 of 3rd period - Stopped by David Rittich with a rebound.
3:15 of 3rd period - Snap shot by Laurent Dauphin.
3:15 of 3rd period - Stopped by David Rittich with a rebound.
3:17 of 3rd period - Slapshot by Patrik Nemeth.
3:17 of 3rd period - Deflect By Laurent Dauphin.
3:17 of 3rd period - Goal by Laurent Dauphin - Chicoutimi Sagueneens : 5 - Rochester Americans : 6.
3:18 of 3rd period - Laurent Dauphin wins face-off versus Peter Holland in neutral zone.
3:45 of 3rd period - Tyler Bertuzzi is hit by Iiro Pakarinen and loses puck.
4:06 of 3rd period - Wrist shot by Markus Nutivaara.
4:06 of 3rd period - Deflect By Anton Blidh.
4:06 of 3rd period - Stopped by Anthony Stolarz with a rebound.
4:08 of 3rd period - Wrist shot by Austin Carroll.
4:08 of 3rd period - Stopped by Anthony Stolarz without a rebound.
4:09 of 3rd period - Luke Kunin wins face-off versus Stanislav Galiev in Chicoutimi Sagueneens zone.
4:14 of 3rd period - Slapshot by Anton Blidh.
4:14 of 3rd period - Stopped by Anthony Stolarz without a rebound.
4:15 of 3rd period - Rocco Grimaldi wins face-off versus Peter Holland in Chicoutimi Sagueneens zone.
4:15 of 3rd period - Rocco Grimaldi is hit by Andreas Martinsen.
5:03 of 3rd period - Wrist shot by Matt White.
5:03 of 3rd period - Stopped by David Rittich without a rebound.
5:04 of 3rd period - Luke Kunin wins face-off versus Matt White in Rochester Americans zone.
5:13 of 3rd period - Slapshot by Anton Blidh.
5:13 of 3rd period - Shot Misses the Net.
5:15 of 3rd period - Snap shot by Dominik Masin.
5:15 of 3rd period - Shot Misses the Net.
5:39 of 3rd period - Slapshot by Jacob De La Rose.
5:39 of 3rd period - Stopped by David Rittich without a rebound.
5:40 of 3rd period - Michael Chaput wins face-off versus Scott Wilson in Rochester Americans zone.
6:31 of 3rd period - Wrist shot by Rocco Grimaldi.
6:31 of 3rd period - Stopped by David Rittich with a rebound.
6:50 of 3rd period - Icing by Markus Nutivaara.
6:51 of 3rd period - Matt White wins face-off versus Adam Tambellini in Rochester Americans zone.
6:52 of 3rd period - Snap shot by Stanislav Galiev.
6:52 of 3rd period - Shot Blocked by Markus Nutivaara.
6:54 of 3rd period - Snap shot by Jamie Oleksiak.
6:54 of 3rd period - Stopped by David Rittich without a rebound.
6:55 of 3rd period - Peter Holland wins face-off versus Scott Wilson in Rochester Americans zone.
7:04 of 3rd period - Slapshot by Andreas Martinsen.
7:04 of 3rd period - Stopped by Anthony Stolarz without a rebound.
7:05 of 3rd period - Peter Holland wins face-off versus Scott Wilson in Chicoutimi Sagueneens zone.
7:32 of 3rd period - Steven Kampfer is hit by Patrik Nemeth and loses puck.
8:27 of 3rd period - Jamie Oleksiak is hit by Steven Kampfer and loses puck.
8:36 of 3rd period - Steven Kampfer is hit by Iiro Pakarinen and loses puck.
9:01 of 3rd period - Snap shot by Brock McGinn.
9:01 of 3rd period - Shot Misses the Net.
9:15 of 3rd period - Jamie Oleksiak is hit by Brett Lernout.
9:41 of 3rd period - Brock McGinn is hit by Iiro Pakarinen and loses puck.
9:51 of 3rd period - Off-side.
9:52 of 3rd period - Michael Chaput wins face-off versus Laurent Dauphin in neutral zone.
11:14 of 3rd period - Icing by Markus Nutivaara.
11:15 of 3rd period - Austin Carroll wins face-off versus Miikka Salomaki in Rochester Americans zone.
11:48 of 3rd period - Rocco Grimaldi is hit by Seth Griffith and loses puck.
15:55 of 3rd period - Jacob De La Rose is hit by Alex Broadhurst and loses puck.
17:30 of 3rd period - Rocco Grimaldi is hit by Andreas Martinsen and loses puck.
19:08 of 3rd period - Markus Nutivaara is hit by Chris Summers and loses puck.
19:11 of 3rd period - Chicoutimi Sagueneens, Anthony Stolarz is pulled from the net.
19:21 of 3rd period - Backhand shot by Andreas Martinsen.
19:21 of 3rd period - Shot Blocked by Jacob De La Rose.
19:35 of 3rd period - Snap shot by Anton Blidh.
19:35 of 3rd period - Shot Hit the Post.
19:58 of 3rd period - Snap shot by Anton Blidh.
19:58 of 3rd period - Goal by Anton Blidh - Chicoutimi Sagueneens : 5 - Rochester Americans : 7.
19:58 of 3rd period - Anthony Stolarz from Chicoutimi Sagueneens was sent back in the game.
19:59 of 3rd period - Alex Broadhurst wins face-off versus Matt White in neutral zone.
Goals for this period are 2 for Chicoutimi Sagueneens vs 1 for Rochester Americans.
Shots for this period are 10 for Chicoutimi Sagueneens vs 6 for Rochester Americans.